[Event "GER-chW Blitz 2019"]
[Site "Magdeburg"]
[Date "2019.05.25"]
[Round "2.12"]
[White "Michna, Marta"]
[Black "Muetsch, Annmarie"]
[Result "1-0"]
[ECO "A45"]
[WhiteElo "2355"]
[BlackElo "2266"]
[Annotator "NA"]
[PlyCount "79"]
[EventDate "2019.05.25"]
[EventType "tourn"]
[EventCountry "GER"]
[SourceTitle "playchess.com"]
[Source "ChessBase"]
[SourceQuality "1"]
[TimeControl "180+2"]

1. d4 Nf6 2. c3 g6 3. Nf3 Bg7 4. h3 d6 5. Bf4 O-O 6. Nbd2 Nbd7 7. e4 c5 8. dxc5 Nxc5 9. Qc2 b6 10. b4 Ne6 11. Be3 Bb7 12. Bd3 Rc8 13. O-O Nh5 14. c4 Bxa1 15. Rxa1 Nhf4 16. Bf1 d5 17. exd5 Nxd5 18. Bh6 Ng7 19. Qa4 Nf6 20. Rd1 Qc7 21. g3 Qb8 22. Re1 Rfe8 23. Bg2 Nf5 24. Bf4 Qa8 25. g4 Ng7 26. Be5 Ne6 27. Qc2 b5 28. c5 Nd5 29. a3 a5 30. Qb2 axb4 31. axb4 Qa4 32. Re4 Ra8 33. Kh2 Qa1 34. Qxa1 Rxa1 35. Bxa1 Ndf4 36. Re3 Nxg2 37. Kxg2 Nf4+ 38. Kg3 Nd5 39. Rb3 e5 40. Bxe5 1-0

[Event "GER-chW Blitz 2019"]
[Site "Magdeburg"]
[Date "2019.05.25"]
[Round "3.1"]
[White "Muetsch, Annmarie"]
[Black "Roesler, Hannah Clara Hed"]
[Result "1-0"]
[ECO "B37"]
[WhiteElo "2266"]
[BlackElo "1619"]
[Annotator "NA"]
[PlyCount "89"]
[EventDate "2019.05.25"]
[EventType "tourn"]
[EventCountry "GER"]
[SourceTitle "playchess.com"]
[Source "ChessBase"]
[SourceQuality "1"]
[TimeControl "180+2"]

1. e4 c5 2. Nf3 g6 3. c4 Nc6 4. d4 cxd4 5. Nxd4 Bg7 6. Nc2 Nf6 7. Nc3 O-O 8. Be2 d6 9. Be3 Be6 10. O-O Nd7 11. Qd2 Nc5 12. f3 Qa5 13. Nd4 Nxd4 14. Bxd4 Bxd4+ 15. Qxd4 Bd7 16. Kh1 Rfc8 17. Nd5 Qd8 18. Rac1 a5 19. Rfd1 a4 20. f4 Ra6 21. e5 dxe5 22. fxe5 Qf8 23. Bf3 Be6 24. Nf4 Bf5 25. Qe3 Rb6 26. Rd2 Rd8 27. Rxd8 Qxd8 28. Qxc5 Rc6 29. Bxc6 bxc6 30. Qxc6 Qd2 31. Rf1 Bd3 32. Qd5 Kg7 33. Qxd3 Qxb2 34. e6 f6 35. Qd7 Qxa2 36. Qxe7+ Kh6 37. Qf8+ Kg5 38. e7 Qxc4 39. Re1 Qc3 40. Rg1 Qe3 41. Nh3+ Kf5 42. e8=Q Qxe8 43. Qxe8 a3 44. Qd7+ Ke5 45. Re1# {[%emt 0:00:01] Kf4} 1-0

[Event "GER-chW Blitz 2019"]
[Site "Magdeburg"]
[Date "2019.05.25"]
[Round "3.2"]
[White "Siegl, Melina"]
[Black "Michna, Marta"]
[Result "0-1"]
[ECO "C00"]
[WhiteElo "2029"]
[BlackElo "2355"]
[Annotator "NA"]
[PlyCount "74"]
[EventDate "2019.05.25"]
[EventType "tourn"]
[EventCountry "GER"]
[SourceTitle "playchess.com"]
[Source "ChessBase"]
[SourceQuality "1"]
[TimeControl "180+2"]

1. e4 e6 2. d3 c5 3. Nd2 Nc6 4. Ngf3 d6 5. g3 Nge7 6. Bg2 g6 7. O-O Bg7 8. Re1 O-O 9. c3 a5 10. Nf1 b5 11. Be3 b4 12. Qd2 Ba6 13. c4 Re8 14. Bh6 Ne5 15. Bxg7 Kxg7 16. Nxe5 dxe5 17. f4 Nc6 18. Ne3 Qd4 19. Rad1 exf4 20. gxf4 f5 21. exf5 Ne7 22. fxe6 Nf5 23. Kh1 Nh4 24. Bd5 Rad8 25. Qf2 Qf6 26. Ng4 Qe7 27. Qe3 Qc7 28. Qh3 Nf5 29. Ne5 Rxd5 30. cxd5 Bb7 31. Qg2 Qd6 32. Re4 Bxd5 33. Nc4 Qc6 34. Nd2 Rxe6 35. Qg5 h6 36. Qd8 Kh7 37. Rde1 Ng7 0-1

[Event "GER-chW Blitz 2019"]
[Site "Magdeburg"]
[Date "2019.05.25"]
[Round "3.3"]
[White "Hofmann, Karina"]
[Black "Osmanodja, Filiz"]
[Result "0-1"]
[ECO "A03"]
[WhiteElo "1700"]
[BlackElo "2260"]
[Annotator "NA"]
[PlyCount "134"]
[EventDate "2019.05.25"]
[EventType "tourn"]
[EventCountry "GER"]
[SourceTitle "playchess.com"]
[Source "ChessBase"]
[SourceQuality "1"]
[TimeControl "180+2"]

1. f4 d5 2. Nf3 c5 3. e3 Nc6 4. Bb5 g6 5. Bxc6+ bxc6 6. b3 Bg7 7. Ne5 Qc7 8. Bb2 Nf6 9. d3 O-O 10. Nd2 Ng4 11. Nxg4 Bxb2 12. Rb1 Bc3 13. h3 Qa5 14. a4 c4 15. Nh2 cxd3 16. cxd3 Ba6 17. Qc2 d4 18. e4 Qh5 19. Nhf3 Qh6 20. g3 e5 21. Kf2 exf4 22. gxf4 Qxf4 23. Nc4 Bxc4 24. bxc4 f5 25. e5 Rab8 26. Rhf1 Rfe8 27. Kg2 Qe3 28. Rf2 c5 29. Rb5 Rxb5 30. axb5 g5 31. Qe2 Qxe2 32. Rxe2 g4 33. hxg4 fxg4 34. Ng5 h6 35. Ne4 Bb4 36. Nf6+ Kf7 37. Nxe8 Kxe8 38. e6 Ke7 39. Kg3 h5 40. Kh4 Ba5 41. Kxh5 g3 42. Kg4 Bc7 43. Kf5 Bd6 44. Ra2 Bb8 45. Rg2 Bc7 46. Re2 Bd6 47. Ra2 Bb8 48. Kg4 Kxe6 49. Ra6+ Ke7 50. Kf3 Kd7 51. Rc6 Bd6 52. b6 Kxc6 53. bxa7 Kb7 54. Ke4 g2 55. Kd5 g1=Q 56. Kxd6 Kxa7 57. Kxc5 Kb7 58. Kd5 Kc7 59. c5 Qg5+ 60. Kc4 Kc6 61. Kxd4 Qxc5+ 62. Ke4 Qd5+ 63. Ke3 Kc5 64. Kd2 Kd4 65. Kc2 Qa2+ 66. Kd1 Kxd3 67. Ke1 Qe2# 0-1

[Event "GER-chW Blitz 2019"]
[Site "Magdeburg"]
[Date "2019.05.25"]
[Round "3.4"]
[White "Birkholz, Olga"]
[Black "Sieber, Fiona"]
[Result "0-1"]
[ECO "B20"]
[WhiteElo "2031"]
[BlackElo "2250"]
[Annotator "NA"]
[PlyCount "114"]
[EventDate "2019.05.25"]
[EventType "tourn"]
[EventCountry "GER"]
[SourceTitle "playchess.com"]
[Source "ChessBase"]
[SourceQuality "1"]
[TimeControl "180+2"]

1. e4 c5 2. b3 d6 3. Bb2 Nf6 4. d3 e5 5. Ne2 Be7 6. f4 Nc6 7. Nd2 Ng4 8. Nc4 b5 9. h3 bxc4 10. hxg4 cxb3 11. f5 bxc2 12. Qxc2 Nb4 13. Qd2 Bg5 14. Qc3 Ba6 15. Nc1 Bh4+ 16. Kd1 Bf2 17. Qd2 Bg3 18. a3 Bf4 19. Qc3 Nc6 20. Ne2 Qg5 21. Rh5 Qxg4 22. Rh3 O-O 23. Rf3 Nd4 24. Nxd4 cxd4 25. Qe1 Rab8 26. Qe2 Bb5 27. a4 Ba6 28. Bc1 Bxc1 29. Rxc1 Rb3 30. Qc2 Rc3 31. Qd2 Rfc8 32. Rxc3 dxc3 33. Qc2 h6 34. Ke1 Bb7 35. Rf2 d5 36. Be2 Qg5 37. Bf3 Qe3+ 38. Qe2 Qc1+ 39. Qd1 Qa3 40. Rc2 Qxa4 41. Qe2 d4 42. Kf2 Bc6 43. Ra2 Qb3 44. Rxa7 c2 45. Ra1 Ba4 46. Rc1 Qb2 47. Qd2 Qc3 48. Ke2 Bb5 49. Qxc3 Rxc3 50. Kf2 Bxd3 51. g4 Kf8 52. Be2 Bxe2 53. Kxe2 Ke7 54. Kd2 Kf6 55. Rxc2 Rxc2+ 56. Kxc2 Kg5 57. Kd3 Kxg4 {[%emt 0:00:01] Kxd4} 0-1

[Event "GER-chW Blitz 2019"]
[Site "Magdeburg"]
[Date "2019.05.25"]
[Round "3.5"]
[White "Rath, Alina"]
[Black "Daemering, Katrin"]
[Result "1/2-1/2"]
[ECO "A10"]
[WhiteElo "2042"]
[BlackElo "2003"]
[Annotator "NA"]
[PlyCount "77"]
[EventDate "2019.05.25"]
[EventType "tourn"]
[EventCountry "GER"]
[SourceTitle "playchess.com"]
[Source "ChessBase"]
[SourceQuality "1"]
[TimeControl "180+2"]

1. c4 d6 2. Nc3 g6 3. g3 Bg7 4. Bg2 Nf6 5. e4 O-O 6. Nge2 c5 7. O-O Nc6 8. d3 Nd4 9. h3 a6 10. Be3 Ne8 11. f4 f5 12. Qd2 e6 13. Kh2 Rb8 14. Rae1 b5 15. b3 Bb7 16. exf5 Nxf5 17. Bxb7 Rxb7 18. Ne4 h6 19. Bf2 Kh7 20. d4 bxc4 21. bxc4 cxd4 22. Nxd4 Nxd4 23. Bxd4 e5 24. Be3 Rbf7 25. Rf2 Qd7 26. Ref1 Qc6 27. Qd3 exf4 28. Rxf4 Rxf4 29. Rxf4 Rxf4 30. Bxf4 Qa4 31. Nxd6 Qxa2+ 32. Kh1 Qa1+ 33. Kh2 Qb2+ 34. Kh1 Nxd6 35. Bxd6 Qc1+ 36. Kg2 Qb2+ 37. Kh1 a5 38. h4 a4 39. Qa3 1/2-1/2

[Event "GER-chW Blitz 2019"]
[Site "Magdeburg"]
[Date "2019.05.25"]
[Round "3.6"]
[White "Silz, Elisa"]
[Black "Kreismann, Franziska"]
[Result "1-0"]
[ECO "E91"]
[WhiteElo "1977"]
[BlackElo "1589"]
[Annotator "NA"]
[PlyCount "59"]
[EventDate "2019.05.25"]
[EventType "tourn"]
[EventCountry "GER"]
[SourceTitle "playchess.com"]
[Source "ChessBase"]
[SourceQuality "1"]
[TimeControl "180+2"]

1. d4 g6 2. c4 Bg7 3. Nc3 Nf6 4. e4 d6 5. Nf3 O-O 6. Be2 c6 7. O-O e6 8. Qc2 d5 9. e5 Nfd7 10. cxd5 cxd5 11. Bg5 f6 12. exf6 Bxf6 13. Bh6 Bg7 14. Bxg7 Kxg7 15. Rac1 Nc6 16. a3 a6 17. b4 b5 18. Nxb5 axb5 19. Qxc6 Rxa3 20. Qc7 Rf7 21. Ne5 Qxc7 22. Rxc7 Ra8 23. Nxf7 Kxf7 24. Bxb5 Rb8 25. Bxd7 Bxd7 26. Rxd7+ Ke8 27. Rxh7 Rxb4 28. Rd1 Kf8 29. g3 Kg8 30. Ra7 1-0

[Event "GER-chW Blitz 2019"]
[Site "Magdeburg"]
[Date "2019.05.25"]
[Round "3.7"]
[White "Kotyk, Valeriya"]
[Black "Kunze, Kerstin"]
[Result "0-1"]
[ECO "D53"]
[WhiteElo "1739"]
[BlackElo "2066"]
[Annotator "NA"]
[PlyCount "78"]
[EventDate "2019.05.25"]
[EventType "tourn"]
[EventCountry "GER"]
[SourceTitle "playchess.com"]
[Source "ChessBase"]
[SourceQuality "1"]
[TimeControl "180+2"]

1. d4 Nf6 2. Bg5 e6 3. c4 d5 4. Nc3 Be7 5. cxd5 exd5 6. e3 O-O 7. h3 h6 8. Bh4 c6 9. Bd3 Be6 10. Qc2 a5 11. Nge2 Na6 12. a3 Nc7 13. O-O Nh5 14. Bxe7 Qxe7 15. Bf5 Ne8 16. g4 Nhf6 17. Ng3 Nd7 18. Kg2 Nd6 19. Bd3 g6 20. Rae1 f5 21. f3 Rf7 22. e4 fxe4 23. fxe4 Rxf1 24. Rxf1 dxe4 25. Ncxe4 Bd5 26. Kh2 Re8 27. Nxd6 Qxd6 28. Rf3 Bxf3 29. Bc4+ Kg7 30. Qc3 Qf6 31. Qd2 Nb6 32. Bd3 Nd5 33. Qf2 Qf4 34. Kg1 Ne3 35. Ne2 Qf6 36. b4 axb4 37. axb4 Bxe2 38. Qxe2 Qxd4 39. Bb1 Nd5+ 0-1

[Event "GER-chW Blitz 2019"]
[Site "Magdeburg"]
[Date "2019.05.25"]
[Round "3.8"]
[White "Fuchs, Judith"]
[Black "Gheng, Simona"]
[Result "1-0"]
[ECO "D00"]
[WhiteElo "2218"]
[BlackElo "1991"]
[Annotator "NA"]
[PlyCount "33"]
[EventDate "2019.05.25"]
[EventType "tourn"]
[EventCountry "GER"]
[SourceTitle "playchess.com"]
[Source "ChessBase"]
[SourceQuality "1"]
[TimeControl "180+2"]

1. d4 d5 2. Bf4 e6 3. e3 Nf6 4. Nf3 Bd6 5. Bg3 O-O 6. Bd3 h6 7. Nbd2 b6 8. Qe2 Bb7 9. c3 c5 10. Rd1 Nbd7 11. Bxd6 Re8 12. Bg3 e5 13. Nxe5 Nxe5 14. Bxe5 Qd7 15. Bxf6 gxf6 16. O-O Bc8 17. Bb5 1-0

[Event "GER-chW Blitz 2019"]
[Site "Magdeburg"]
[Date "2019.05.25"]
[Round "3.9"]
[White "Lubbe, Melanie"]
[Black "Kopylov, Luba"]
[Result "1-0"]
[ECO "B07"]
[WhiteElo "2278"]
[BlackElo "2078"]
[Annotator "NA"]
[PlyCount "63"]
[EventDate "2019.05.25"]
[EventType "tourn"]
[EventCountry "GER"]
[SourceTitle "playchess.com"]
[Source "ChessBase"]
[SourceQuality "1"]
[TimeControl "180+2"]

1. d4 Nf6 2. Nc3 g6 3. e4 d6 4. Be3 Bg7 5. f3 O-O 6. Qd2 Nbd7 7. Nge2 c5 8. g4 cxd4 9. Nxd4 Ne5 10. O-O-O Qa5 11. Kb1 Be6 12. Nd5 Qd8 13. Nxe6 fxe6 14. Nf4 Nxf3 15. Qg2 Ng5 16. Bc4 Qc8 17. Bb3 Kh8 18. h4 Ngxe4 19. Nxe6 Nc3+ 20. bxc3 Qxc3 21. Bd4 Qc6 22. Qxc6 bxc6 23. Nxg7 e5 24. Ne6 exd4 25. Nxf8 Rxf8 26. Rxd4 d5 27. c4 c5 28. Rf4 Kg7 29. Rhf1 dxc4 30. Bxc4 Rb8+ 31. Kc2 Rb6 32. g5 1-0

[Event "GER-chW Blitz 2019"]
[Site "Magdeburg"]
[Date "2019.05.25"]
[Round "3.10"]
[White "Ries, Jutta"]
[Black "Zimmer, Elke"]
[Result "1-0"]
[ECO "A03"]
[WhiteElo "2017"]
[BlackElo "1926"]
[Annotator "NA"]
[PlyCount "67"]
[EventDate "2019.05.25"]
[EventType "tourn"]
[EventCountry "GER"]
[SourceTitle "playchess.com"]
[Source "ChessBase"]
[SourceQuality "1"]
[TimeControl "180+2"]

1. f4 d5 2. Nf3 Nc6 3. b3 Bf5 4. Bb2 e6 5. e3 Nf6 6. Bb5 Bd6 7. O-O O-O 8. Bxc6 bxc6 9. Nd4 Bg4 10. Qe1 c5 11. Nc6 Qe8 12. Ne5 Bf5 13. d3 Nd7 14. Nd2 f6 15. Nef3 Bg6 16. Qg3 e5 17. Nh4 exf4 18. exf4 Bf7 19. Rae1 Qd8 20. Nf5 Bg6 21. Nxd6 cxd6 22. f5 Bh5 23. Qxd6 Re8 24. Qxd5+ Bf7 25. Qf3 Ne5 26. Qg3 Qc8 27. Bxe5 fxe5 28. Rxe5 Qd7 29. f6 Qd4+ 30. Kh1 g6 31. Re7 Qc3 32. Ne4 Qxc2 33. Nd6 Rxe7 34. fxe7 1-0

[Event "GER-chW Blitz 2019"]
[Site "Magdeburg"]
[Date "2019.05.25"]
[Round "3.11"]
[White "Kushka, Alena"]
[Black "Mader, Lena"]
[Result "1-0"]
[ECO "E77"]
[WhiteElo "2148"]
[BlackElo "1839"]
[Annotator "NA"]
[PlyCount "54"]
[EventDate "2019.05.25"]
[EventType "tourn"]
[EventCountry "GER"]
[SourceTitle "playchess.com"]
[Source "ChessBase"]
[SourceQuality "1"]
[TimeControl "180+2"]

1. c4 Nf6 2. d4 g6 3. Nc3 Bg7 4. e4 d6 5. f4 O-O 6. Nf3 c5 7. d5 a6 8. a4 Nbd7 9. Bd3 Nb6 10. O-O e5 11. dxe6 Bxe6 12. Qe2 Qc7 13. a5 Nbd7 14. f5 gxf5 15. exf5 Rae8 16. fxe6 Rxe6 17. Qf2 Ne5 18. Nxe5 dxe5 19. Qh4 e4 20. Nxe4 Nxe4 21. Bxe4 Rxe4 22. Qxe4 Bd4+ 23. Kh1 Kh8 24. Bf4 Qd7 25. Be5+ Bxe5 26. Qxe5+ Kg8 27. Rf3 Re8 1-0

[Event "GER-chW Blitz 2019"]
[Site "Magdeburg"]
[Date "2019.05.25"]
[Round "3.12"]
[White "Schulze, Lara"]
[Black "Braje, Monika"]
[Result "1-0"]
[ECO "B01"]
[WhiteElo "2160"]
[BlackElo "1781"]
[Annotator "NA"]
[PlyCount "50"]
[EventDate "2019.05.25"]
[EventType "tourn"]
[EventCountry "GER"]
[SourceTitle "playchess.com"]
[Source "ChessBase"]
[SourceQuality "1"]
[TimeControl "180+2"]

1. e4 d5 2. exd5 Nf6 3. d4 Nxd5 4. Nf3 g6 5. c4 Nb6 6. Nc3 Bg7 7. h3 e6 8. Bg5 Bf6 9. Bh6 a6 10. Ne4 Be7 11. Bg7 Rg8 12. Bh6 Bd7 13. Be2 Bc6 14. Neg5 N8d7 15. O-O Nf8 16. Qd2 f6 17. Bxf8 fxg5 18. Bxe7 Qxe7 19. Qxg5 Qxg5 20. Nxg5 Ke7 21. Nxh7 Rg7 22. Ng5 Rh8 23. b3 Nd7 24. Bg4 Nf8 25. Rfe1 Kf6 1-0

[Event "GER-chW Blitz 2019"]
[Site "Magdeburg"]
[Date "2019.05.25"]
[Round "4.1"]
[White "Roesler, Hannah Clara Hed"]
[Black "Braje, Monika"]
[Result "0-1"]
[ECO "B13"]
[WhiteElo "1619"]
[BlackElo "1781"]
[Annotator "NA"]
[PlyCount "43"]
[EventDate "2019.05.25"]
[EventType "tourn"]
[EventCountry "GER"]
[SourceTitle "playchess.com"]
[Source "ChessBase"]
[SourceQuality "1"]
[TimeControl "180+2"]

1. e4 d5 2. exd5 Nf6 3. c4 c6 4. d4 cxd5 5. Nc3 dxc4 6. Bxc4 e6 7. Nf3 Be7 8. O-O O-O 9. Re1 a6 10. Bg5 b5 11. Bb3 Bb7 12. Bc2 h6 13. Bh4 Nbd7 14. d5 Nc5 15. dxe6 Nxe6 16. Qe2 Qc7 17. Bg3 Qc6 18. Rac1 Nd4 19. Qxe7 Nxf3+ 20. Kh1 Nxe1 21. f3 Nxc2 22. Rxc2 0-1

[Event "GER-chW Blitz 2019"]
[Site "Magdeburg"]
[Date "2019.05.25"]
[Round "4.2"]
[White "Mader, Lena"]
[Black "Schulze, Lara"]
[Result "1/2-1/2"]
[ECO "A21"]
[WhiteElo "1839"]
[BlackElo "2160"]
[Annotator "NA"]
[PlyCount "98"]
[EventDate "2019.05.25"]
[EventType "tourn"]
[EventCountry "GER"]
[SourceTitle "playchess.com"]
[Source "ChessBase"]
[SourceQuality "1"]
[TimeControl "180+2"]

1. c4 e5 2. Nc3 Bb4 3. Nf3 Bxc3 4. bxc3 d6 5. d3 Ne7 6. g3 O-O 7. Bg2 f5 8. e3 Nbc6 9. O-O Kh8 10. a4 a5 11. Rb1 b6 12. d4 Ba6 13. d5 Nb8 14. Qb3 Nd7 15. Nd2 Nc5 16. Qa2 Qd7 17. Qc2 Qxa4 18. Qxa4 Nxa4 19. Bb2 Nc5 20. Ba3 Nd7 21. Rb2 e4 22. Rfb1 Ne5 23. Bf1 Ng8 24. h3 Nf6 25. Kh2 h5 26. Rb3 Nfd7 27. R3b2 Nd3 28. Bxd3 exd3 29. Kg2 Ne5 30. Nf3 Nxc4 31. Rb3 Nxa3 32. Rxa3 Bc4 33. Nd2 Bxd5+ 34. Kg1 a4 35. c4 Be4 36. f3 Bc6 37. Rxd3 a3 38. Nb3 Bxf3 39. Kf2 Be4 40. Ke2 Bxd3+ 41. Kxd3 a2 42. Ra1 Rfe8 43. Nd4 Ra3+ 44. Kd2 Raxe3 45. Nc6 Re2+ 46. Kd3 R8e3+ 47. Kd4 Re4+ 48. Kd5 Rd2+ 49. Nd4 Rdxd4+ 1/2-1/2

[Event "GER-chW Blitz 2019"]
[Site "Magdeburg"]
[Date "2019.05.25"]
[Round "4.3"]
[White "Zimmer, Elke"]
[Black "Kushka, Alena"]
[Result "1/2-1/2"]
[ECO "B25"]
[WhiteElo "1926"]
[BlackElo "2148"]
[Annotator "NA"]
[PlyCount "125"]
[EventDate "2019.05.25"]
[EventType "tourn"]
[EventCountry "GER"]
[SourceTitle "playchess.com"]
[Source "ChessBase"]
[SourceQuality "1"]
[TimeControl "180+2"]

1. e4 c5 2. Nc3 Nc6 3. g3 g6 4. Bg2 Bg7 5. d3 d6 6. h3 Nf6 7. Nf3 O-O 8. Be3 a6 9. Qd2 Re8 10. Bh6 Bh8 11. O-O b5 12. Rfe1 Bb7 13. Rab1 Qd7 14. Ne2 e5 15. g4 d5 16. exd5 Nxd5 17. Ng3 Nd4 18. Nxd4 exd4 19. Rxe8+ Rxe8 20. Re1 Bc6 21. Rxe8+ Qxe8 22. Qe2 Qxe2 23. Nxe2 Nb4 24. Bxc6 Nxc6 25. a3 Be5 26. f4 Bc7 27. Kg2 f6 28. Kf3 Kf7 29. c3 dxc3 30. bxc3 Ne7 31. d4 cxd4 32. Nxd4 Ng8 33. g5 Bd6 34. Nc6 Nxh6 35. gxh6 Bxa3 36. Nb8 a5 37. Nd7 b4 38. cxb4 axb4 39. Ke2 b3 40. Kd2 Bd6 41. Kc3 Bxf4 42. Kxb3 Bxh6 43. Kc4 Ke6 44. Nc5+ Kf5 45. Kd5 g5 46. Ne6 g4 47. hxg4+ Kxg4 48. Ke4 f5+ 49. Kd3 Bf4 50. Ke2 h5 51. Kf2 Be5 52. Kg2 h4 53. Nc5 h3+ 54. Kh1 Kf3 55. Nd3 Bb8 56. Ne1+ Ke2 57. Nc2 Ba7 58. Nb4 f4 59. Nd5 f3 60. Nf4+ Kf1 61. Nxh3 Bb8 62. Ng1 f2 63. Nh3 1/2-1/2

[Event "GER-chW Blitz 2019"]
[Site "Magdeburg"]
[Date "2019.05.25"]
[Round "4.4"]
[White "Kopylov, Luba"]
[Black "Ries, Jutta"]
[Result "0-1"]
[ECO "A57"]
[WhiteElo "2078"]
[BlackElo "2017"]
[Annotator "NA"]
[PlyCount "40"]
[EventDate "2019.05.25"]
[EventType "tourn"]
[EventCountry "GER"]
[SourceTitle "playchess.com"]
[Source "ChessBase"]
[SourceQuality "1"]
[TimeControl "180+2"]

1. d4 Nf6 2. c4 c5 3. d5 b5 4. cxb5 a6 5. b6 Bb7 6. Nc3 e6 7. e4 Qxb6 8. Nf3 exd5 9. e5 Ne4 10. Nxd5 Qa5+ 11. Nc3 Nxc3 12. Qd2 Bxf3 13. gxf3 Nc6 14. bxc3 Nxe5 15. Qe3 Bd6 16. f4 O-O 17. fxe5 Bxe5 18. Bd2 Rfe8 19. Be2 d5 20. Rg1 Qc7 0-1

[Event "GER-chW Blitz 2019"]
[Site "Magdeburg"]
[Date "2019.05.25"]
[Round "4.5"]
[White "Gheng, Simona"]
[Black "Lubbe, Melanie"]
[Result "0-1"]
[ECO "B20"]
[WhiteElo "1991"]
[BlackElo "2278"]
[Annotator "NA"]
[PlyCount "114"]
[EventDate "2019.05.25"]
[EventType "tourn"]
[EventCountry "GER"]
[SourceTitle "playchess.com"]
[Source "ChessBase"]
[SourceQuality "1"]
[TimeControl "180+2"]

1. e4 c5 2. c4 Nc6 3. Nc3 g6 4. g3 Bg7 5. Bg2 d6 6. Nge2 e6 7. O-O Nge7 8. d3 Nd4 9. Nxd4 cxd4 10. Ne2 O-O 11. a3 a5 12. f4 a4 13. b4 axb3 14. Qxb3 Nc6 15. Bd2 Na5 16. Bxa5 Rxa5 17. Rfb1 Qc7 18. Qb6 Qc5 19. Rb5 Rxb5 20. Qxb5 e5 21. fxe5 Bxe5 22. Nf4 Qxb5 23. cxb5 Bd7 24. Rb1 Ra8 25. Rb3 Ra5 26. b6 Ba4 27. Rb4 Bc6 28. Rb3 Kf8 29. Ne2 Ke7 30. Bh3 Ra4 31. Kf2 Bg7 32. Nc1 Bh6 33. Na2 Be3+ 34. Ke2 Bd7 35. Bxd7 Kxd7 36. Nb4 Ra5 37. Nc2 Rh5 38. h4 Rc5 39. Nxe3 dxe3 40. Kxe3 Rc1 41. Kd4 Kc6 42. Rc3+ Rxc3 43. Kxc3 Kxb6 44. Kb4 Kc6 45. d4 f6 46. d5+ Kb6 47. a4 Ka6 48. g4 h6 49. a5 b6 50. axb6 Kxb6 51. h5 g5 52. Kc4 Ka5 53. Kd4 Kb4 54. e5 fxe5+ 55. Ke4 Kc4 56. Kf5 Kxd5 57. Kg6 e4 {[%emt 0:00:03] Kxg5 [%clk 0:01:03]} 0-1

[Event "GER-chW Blitz 2019"]
[Site "Magdeburg"]
[Date "2019.05.25"]
[Round "4.6"]
[White "Kunze, Kerstin"]
[Black "Fuchs, Judith"]
[Result "1-0"]
[ECO "B15"]
[WhiteElo "2066"]
[BlackElo "2218"]
[Annotator "NA"]
[PlyCount "103"]
[EventDate "2019.05.25"]
[EventType "tourn"]
[EventCountry "GER"]
[SourceTitle "playchess.com"]
[Source "ChessBase"]
[SourceQuality "1"]
[TimeControl "180+2"]

1. e4 c6 2. d4 d5 3. Nc3 dxe4 4. Nxe4 Nf6 5. Nxf6+ exf6 6. Nf3 Bd6 7. Bd3 O-O 8. O-O Na6 9. h3 Nc7 10. Nd2 Nd5 11. Nc4 Bc7 12. Qf3 b5 13. Ne3 Qd6 14. g3 Bxh3 15. Qh5 g6 16. Qxh3 Nb4 17. Be2 a5 18. c3 Na6 19. Ng4 h5 20. Nh2 Kg7 21. Bf4 Qe7 22. Bxc7 Qxe2 23. Bxa5 Qxb2 24. Qh4 Qa3 25. Bb4 Nxb4 26. cxb4 Qxb4 27. Nf3 Ra3 28. Qe4 Qc3 29. Kg2 Rd8 30. Rac1 Qb2 31. Rxc6 Rxa2 32. Qe7 Rf8 33. Qxf6+ Kg8 34. Qg5 Qb3 35. Ne5 Qd5+ 36. Kh2 Kh7 37. Rxg6 fxg6 38. Qxg6+ Kh8 39. Qg5 Kh7 40. Qxh5+ Kg7 41. Qg5+ Kh7 42. Qh5+ Kg7 43. Qg5+ Kh7 44. Qh5+ Kg7 45. Qg5+ Kh7 46. Kg1 Rh8 47. Qh5+ Kg7 48. Qg5+ Kf8 49. Qf6+ Kg8 50. Qg6+ Kf8 51. Qf5+ Ke7 52. Ng6+ 1-0

[Event "GER-chW Blitz 2019"]
[Site "Magdeburg"]
[Date "2019.05.25"]
[Round "4.7"]
[White "Kreismann, Franziska"]
[Black "Kotyk, Valeriya"]
[Result "0-1"]
[ECO "A57"]
[WhiteElo "1589"]
[BlackElo "1739"]
[Annotator "NA"]
[PlyCount "70"]
[EventDate "2019.05.25"]
[EventType "tourn"]
[EventCountry "GER"]
[SourceTitle "playchess.com"]
[Source "ChessBase"]
[SourceQuality "1"]
[TimeControl "180+2"]

1. d4 Nf6 2. c4 c5 3. d5 b5 4. cxb5 a6 5. Nc3 axb5 6. a3 b4 7. Nb1 g6 8. Bg5 Bg7 9. Nf3 O-O 10. Bxf6 Bxf6 11. Qc2 d6 12. e4 Qb6 13. Bc4 bxa3 14. Rxa3 Rxa3 15. bxa3 Ba6 16. O-O Nd7 17. Bxa6 Qxa6 18. a4 Ra8 19. Nc3 Qc4 20. Nd2 Qxc3 21. Qxc3 Bxc3 22. Nf3 Rxa4 23. Rc1 Bb4 24. h4 Kg7 25. g4 Nf6 26. e5 Nxg4 27. exd6 exd6 28. Rc2 Ne5 29. Ng5 Ba5 30. Rb2 h6 31. Nh3 Rxh4 32. Kg2 Bb4 33. Kg3 Rd4 34. Nf4 g5 35. Nh5+ Kg6 0-1

[Event "GER-chW Blitz 2019"]
[Site "Magdeburg"]
[Date "2019.05.25"]
[Round "4.8"]
[White "Daemering, Katrin"]
[Black "Silz, Elisa"]
[Result "0-1"]
[ECO "A05"]
[WhiteElo "2003"]
[BlackElo "1977"]
[Annotator "NA"]
[PlyCount "80"]
[EventDate "2019.05.25"]
[EventType "tourn"]
[EventCountry "GER"]
[SourceTitle "playchess.com"]
[Source "ChessBase"]
[SourceQuality "1"]
[TimeControl "180+2"]

1. Nf3 Nf6 2. g3 g6 3. Bg2 Bg7 4. d3 d6 5. e4 O-O 6. O-O Nbd7 7. h3 c5 8. Be3 Rb8 9. Nc3 b5 10. a3 a6 11. Qd2 Bb7 12. Rad1 Qc7 13. Ne1 e6 14. f4 Nh5 15. Kh2 f5 16. Nf3 d5 17. exd5 exd5 18. d4 c4 19. Ng5 Qd6 20. Rde1 Nhf6 21. Bg1 Ne4 22. Qd1 Ndf6 23. Nf3 Nxc3 24. bxc3 Ne4 25. Re3 Rbe8 26. Ne5 Qxa3 27. Qe1 Qd6 28. Bf3 h6 29. Kh1 Re7 30. Bh2 g5 31. Bg2 a5 32. Qe2 b4 33. cxb4 axb4 34. Bxe4 fxe4 35. fxg5 Rxf1+ 36. Qxf1 Bxe5 37. dxe5 Qxe5 38. gxh6 d4 39. Re1 e3+ 40. Kg1 Qd5 0-1

[Event "GER-chW Blitz 2019"]
[Site "Magdeburg"]
[Date "2019.05.25"]
[Round "4.9"]
[White "Sieber, Fiona"]
[Black "Rath, Alina"]
[Result "1-0"]
[ECO "B65"]
[WhiteElo "2250"]
[BlackElo "2042"]
[Annotator "NA"]
[PlyCount "107"]
[EventDate "2019.05.25"]
[EventType "tourn"]
[EventCountry "GER"]
[SourceTitle "playchess.com"]
[Source "ChessBase"]
[SourceQuality "1"]
[TimeControl "180+2"]

1. e4 c5 2. Nf3 Nc6 3. d4 cxd4 4. Nxd4 Nf6 5. Nc3 d6 6. Bg5 e6 7. Qd2 Be7 8. f4 O-O 9. O-O-O Nxd4 10. Qxd4 Qa5 11. e5 dxe5 12. Qxe5 Qxe5 13. fxe5 Nd5 14. Bxe7 Nxe7 15. Be2 Nc6 16. Rhe1 Nxe5 17. Bf1 Ng6 18. g3 a6 19. Bg2 Rb8 20. Ne4 b5 21. Nc5 a5 22. Rd6 a4 23. a3 Ne7 24. c3 Nf5 25. Rd3 g6 26. Bc6 Ne7 27. Bg2 Nf5 28. Kc2 Kg7 29. b4 h5 30. Re5 Re8 31. Bc6 Rf8 32. Ne4 Ne7 33. Bxb5 f6 34. Rc5 f5 35. Nd6 Kf6 36. Bxa4 Nd5 37. Bb3 Nb6 38. Rc6 Kg7 39. Nxc8 Rfxc8 40. Rxc8 Rxc8 41. Bxe6 Rc6 42. Bb3 Kf6 43. a4 Nc8 44. a5 Nd6 45. c4 Ne4 46. c5 Nf2 47. Rd2 Ne4 48. Re2 Ke5 49. Kd3 Rc7 50. a6 Rd7+ 51. Kc4 Kf6 52. Bc2 Nd2+ 53. Kb5 g5 54. c6 1-0